 Dungeon Crawl Stone Soup version 0.18-a0-912-g81d1dc4 (webtiles) character file.

93 Fushko the Firebug (level 4, 0/31 HPs)
             Began as a Human Fire Elementalist on Dec 25, 2015.
             Succumbed to a kobold's poison
             ... on level 1 of the Dungeon.
             The game lasted 00:30:31 (2511 turns).

Fushko the Firebug (Human Fire Elementalist)        Turns: 2511, Time: 00:30:32

Health: 0/31       AC:  3    Str:  8    XL:     4   Next: 92%
Magic:  7/7        EV: 12    Int: 17    God:
Gold:   96         SH:  0    Dex: 13    Spells: 1 memorised, 7 levels left

rFire  . . .     SeeInvis .     d - +0 short sword (venom)
rCold  . . .     Gourm    .     x - +0 leather armour
rNeg   . . .     Faith    .     (no shield)
rPois  .         Spirit   .     (no helmet)
rElec  .         Dismiss  .     (no cloak)
rCorr  .         Reflect  .     (no gloves)
SustAt .         Harm     .     (no boots)
MR     .....                    (no amulet)
Stlth  ++........               (no ring)
                                (no ring)

@: lethally poisoned (0 -> -3), not resistant to hostile enchantments,
unstealthy
A: no striking features
a: no special abilities


You were on level 1 of the Dungeon.
You were not hungry.

You visited 1 branch of the dungeon, and saw 2 of its levels.

You collected 96 gold pieces.

Inventory:

Hand Weapons
 d - a +0 short sword of venom (weapon)
 e - a +0 club
 l - a +0 dagger
 o - a +0 flail
 p - a +0 spear
 y - a +1 short sword of speed
Missiles
 f - 8 poisoned needles
 n - 17 bolts
 v - 6 stones (quivered)
Armour
 a - a +0 robe
 c - a +0 shield
 h - a +0 scale mail
 i - a +0 ring mail
 w - a +0 robe
 x - a +0 leather armour (worn)
Scrolls
 g - 3 scrolls of identify
 j - 2 scrolls of blinking {unknown}
 m - 4 scrolls of teleportation
 t - a scroll of recharging {unknown}
Books
 b - a book of Flames

   Spells                             Type                      Level
   a - Flame Tongue                   Conjuration/Fire             1
   b - Throw Flame                    Conjuration/Fire             2
   c - Conjure Flame                  Conjuration/Fire             3
   d - Inner Flame                    Hexes/Fire                   3
   e - Sticky Flame                   Conjuration/Fire             4
   f - Fireball                       Conjuration/Fire             5
Comestibles
 k - a royal jelly
 q - a bread ration
 r - 2 slices of pizza
 u - 2 fruits


   Skills:
 + Level 0.8 Fighting
 + Level 1.2 Short Blades
 + Level 0.6 Armour
 + Level 2.4 Dodging
 + Level 2.1 Stealth
 + Level 2.5 Spellcasting
 + Level 1.3 Conjurations
 + Level 3.8 Fire Magic


You had 7 spell levels left.
You knew the following spells:

 Your Spells              Type           Power        Failure   Level  Hunger
a - Flame Tongue          Conj/Fire      ##...        12%         1    #......


Dungeon Overview and Level Annotations

Branches:
Dungeon (2/15)

Altars:
Yredelemnul


Message History

You hit the bat.
You kill the bat!
* * * LOW HITPOINT WARNING * * *
You feel sick.
* * * LOW HITPOINT WARNING * * *
You feel sick.
Items here: $ ( ) = ? †
There is a lethal amount of poison in your body!
There is a lethal amount of poison in your body!
* * * LOW HITPOINT WARNING * * *
You feel sick.
You see here a stone.
* * * LOW HITPOINT WARNING * * *
You feel sick.
You see here a stone.
It was a potion of cancellation.
You feel magically purged.
That mango was delicious!
* * * LOW HITPOINT WARNING * * *
You feel sick.
You die...

####### .......
######### .......
........# #######..."...
###.#.#.###((...........
##..........()..........
............(...@?......
...#.....##(####........
#..#..##.##.# .#.......
#..#..##.##)##.# .......
#..#..#....)..# ##..###
#..#.....##.##.# .##
#.....##.##.# .# #
...###. .##......# #.
....####.#


There were no monsters in sight!

Vanquished Creatures
  2 adders (D:2)
  3 gnolls (D:2)
  3 ball pythons
  6 goblins
  2 hobgoblins (D:2)
  A quokka (D:2)
  4 bats (D:1)
  3 giant cockroaches
  3 giant newts
  12 kobolds
  8 rats (D:1)
  A spectral orc (D:2)
48 creatures vanquished.

Notes
Turn   | Place    | Note
--------------------------------------------------------------
     0 | D:1      | Fushko the Human Fire Elementalist began the quest for the Orb.
     0 | D:1      | Reached XP level 1. HP: 13/13 MP: 3/3
   212 | D:1      | Reached XP level 2. HP: 7/19 MP: 3/5
   820 | D:2      | Reached XP level 3. HP: 20/25 MP: 4/6
   916 | D:2      | Reached XP level 4. HP: 11/31 MP: 7/7
  1330 | D:2      | Reached skill level 1 in Short Blades
  2186 | D:2      | Found a basalt altar of Yredelemnul.
  2508 | D:1      | HP: 1/31 [poisoned by a kobold]
  2511 | D:1      | Succumbed to a kobold's poison

Vault maps used:
D:1:      dpeg_arrival_solitude, minmay_close_crescents
D:2:      yredelemnul_forgotten_temple_becter, first_bread

Action                   |  1- 3 |  4- 6 || total
-------------------------+-------+-------++-------
Melee: Short sword       |    44 |    76 ||   120
       Unarmed           |     1 |       ||     1
Throw: Stone             |     4 |     4 ||     8
 Cast: Flame Tongue      |    13 |     5 ||    18
  Use: Scroll            |       |     1 ||     1
       Potion            |       |     1 ||     1
  Eat: Bread ration      |       |     1 ||     1
       Fruit             |       |     1 ||     1
